 Dungeon Crawl Stone Soup version 0.22-a0-525-gf69a080 (webtiles) character file.

1913 Amnesiac the Magician (level 8, 0/36 HPs)
             Began as a Spriggan Conjurer on June 20, 2018.
             Was an Initiate of Gozag.
             Shot with an arrow by a centaur (10 damage)
             ... on level 6 of the Dungeon.
             The game lasted 00:15:38 (8027 turns).

Amnesiac the Magician (Spriggan Conjurer)           Turns: 8027, Time: 00:15:39

Health: 0/36       AC:  2    Str:  4    XL:     8   Next: 95%
Magic:  1/20       EV: 18    Int: 19    God:    Gozag
Gold:   1150       SH: 11    Dex: 16    Spells: 15/22 levels left

rFire    . . .     SeeInvis +   r - +1 dagger (venom)
rCold    . . .     Gourm    .   f - +0 buckler
rNeg     . . .     Faith    .   a - +0 robe
rPois    .         Spirit   .   (helmet restricted)
rElec    .         Reflect  +   (no cloak)
rCorr    .         Harm     .   (gloves unavailable)
MR       +....                  (boots unavailable)
Stlth    ++........             n - +4 amulet of reflection
HPRegen  0.12/turn              (no ring)
MPRegen  0.17/turn              (no ring)

@: gold aura, very quick
A: very small, unfitting armour, see invisible, herbivore, speed 3, slow
metabolism 2
a: Potion Petition, Call Merchant, Bribe Branch, Renounce Religion


You were on level 6 of the Dungeon.
You worshipped Gozag.
Gozag was most pleased with you.
You were hungry.

You visited 2 branches of the dungeon, and saw 7 of its levels.

You collected 1190 gold pieces.
You paid 40 gold pieces to Gozag.

Inventory:

Hand Weapons
 d - a +1 dagger of speed
 r - a +1 dagger of venom (weapon)
Armour
 a - a +0 robe (worn)
 f - a +0 buckler (worn)
Jewellery
 n - a +4 amulet of reflection (around neck)
Wands
 t - a wand of enslavement (4)
 u - a wand of digging (16)
Scrolls
 b - 2 scrolls of remove curse {!r}
 i - 2 scrolls of fog {!r, unknown}
 k - 3 scrolls of identify {!r, unknown}
 l - a scroll of noise {!r, unknown}
 o - a scroll of immolation {!r, unknown}
 q - a scroll of teleportation {!r}
Potions
 e - a potion of might {!q}
 g - a potion of flight {!q, unknown}
 h - 2 potions of curing {!q}
 j - a potion of haste {!q, unknown}
 m - a potion of brilliance {!q, unknown}
 p - a potion of degeneration {!q, unknown}
 s - a potion of agility {!q}
Comestibles
 c - 3 rations


   Skills:
 - Level 3.0 Dodging
 - Level 3.0 Stealth
 + Level 3.8 Shields
 + Level 7.6 Spellcasting
 * Level 7.2 Conjurations


You had 15 spell levels left.
You knew the following spells:

 Your Spells              Type           Power        Failure   Level  Hunger
a - Magic Dart            Conj           ####         1%          1    None
b - Searing Ray           Conj           ####..       1%          2    None
d - Iskenderun's Mystic   Conj           ####....     6%          4    ###....

Your spell library contained the following spells:

 Spells                   Type           Power        Failure   Level  Hunger
 Lightning Bolt           Conj/Air       ###.......   58%         5    #####..
 Shock                    Conj/Air       ###.         2%          1    None
 Swiftness                Chrm/Air       #.......     19%         2    None
 Airstrike                Air            #.........   77%         4    ###....
 Static Discharge         Conj/Air       ###.....     9%          3    #......
 Fulminant Prism          Conj/Hex       ###.......   26%         4    ###....
 Dazzling Spray           Conj/Hex       ###...       9%          3    #......
 Force Lance              Conj/Tloc      ###.....     26%         4    ###....


Dungeon Overview and Level Annotations

Branches:
Dungeon (6/15)             Temple (1/1) D:4

Altars:
Ashenzari
Cheibriados
Dithmenos
Elyvilon
Gozag
Hepliaklqana
Makhleb
Nemelex Xobeh
Okawaru
Qazlal
Ru
Sif Muna
Trog
Uskayaw
Vehumet
Wu Jian
Xom
Zin


Innate Abilities, Weirdness & Mutations

You are very small and have problems with some larger weapons.
You are too small for most types of armour.
You have supernaturally acute eyesight. (SInv)
You are a herbivore.
You cover ground extremely quickly.
You need to consume almost no food.


Message History

You barely miss the gnoll. You completely miss the gnoll.
The gnoll completely misses you.
You hit the gnoll.
The gnoll is poisoned.
The gnoll is lightly wounded.
The gnoll hits you with a morningstar!
* * * LOW HITPOINT WARNING * * *
You barely miss the gnoll.
The gnoll is lightly wounded.
The gnoll barely misses you.
You barely miss the gnoll.
The gnoll is lightly wounded.
The gnoll closely misses you.
Casting: Iskenderun's Mystic Blast (safe; 6% risk of failure)
Confirm with . or Enter, or press ? or * to list all spells.
Aiming: Iskenderun's Mystic Blast (safe; 6% risk of failure)
Press: ? - help, Shift-Dir - straight line, f - gnoll
Aim: a gnoll, wielding a morningstar (lightly wounded, poisoned)
The orb of energy hits the gnoll.
The gnoll is moderately wounded.
The orb of energy explodes!
You hear a shout! x2
An orc comes into view. It is wielding a short sword.
Casting: Iskenderun's Mystic Blast (safe; 6% risk of failure)
Confirm with . or Enter, or press ? or * to list all spells.
Aiming: Iskenderun's Mystic Blast (safe; 6% risk of failure)
Press: ? - help, Shift-Dir - straight line, f/p - gnoll
Aim: a gnoll, wielding a morningstar (moderately wounded, poisoned)
The orb of energy misses the gnoll.
The orb of energy hits the orc.
You kill the orc!
You are feeling hungry.
The gnoll looks more healthy.
You block the gnoll's attack.
Casting: Iskenderun's Mystic Blast (safe; 6% risk of failure)
Confirm with . or Enter, or press ? or * to list all spells.
Aiming: Iskenderun's Mystic Blast (safe; 6% risk of failure)
Press: ? - help, Shift-Dir - straight line, f/p - gnoll
Aim: a gnoll, wielding a morningstar (heavily wounded)
The orb of energy hits the gnoll.
You kill the gnoll!
The orb of energy explodes!
Casting: Iskenderun's Mystic Blast (safe; 6% risk of failure)
Confirm with . or Enter, or press ? or * to list all spells.
Aiming: Iskenderun's Mystic Blast (safe; 6% risk of failure)
Press: ? - help, Shift-Dir - straight line, f - orc
Aim: an orc, wielding a short sword The orb of energy hits the orc.
You kill the orc!
A centaur comes into view.
Casting: Iskenderun's Mystic Blast (safe; 6% risk of failure)
Confirm with . or Enter, or press ? or * to list all spells.
Aiming: Iskenderun's Mystic Blast (safe; 6% risk of failure)
Press: ? - help, Shift-Dir - straight line, f - centaur
Aim: a centaur The orb of energy hits the centaur.
The centaur is moderately wounded.
The centaur wields a shortbow.
The centaur shoots an arrow.
The arrow hits you!
* * * LOW HITPOINT WARNING * * *
Casting: Iskenderun's Mystic Blast (safe; 6% risk of failure)
Confirm with . or Enter, or press ? or * to list all spells.
You don't have enough magic to cast that spell.
Really quaff
h - 3 pink potions {!q}?
It was a potion of curing {!q}.
You feel better.
The centaur shoots an arrow.
The arrow hits you!
You die...
Your body crumbles into a pile of gold.

##### #.#
###...#######.######
#.................. ...
#.<................ ...
#...............$. ....
##...###.<.##...$. .....
########...#####'####c....
................$..)......
................@.........
..........................
.....................?....
.....##....##......##.....
.....##....##......##.....
..........................
...)......<............$..
..........................
#.)..###...##......##....


You could see a centaur.

Vanquished Creatures
  Prince Ribbit (D:5)
  A hungry ghost (D:3)
  Edmund (D:6)
  Duvessa (D:3)
  An ice beast (D:6)
  4 ogres
  A centaur (D:5)
  A big kobold (D:5)
  Dowan (D:4)
  A howler monkey (D:4)
  2 crimson imps (D:5)
  3 hounds
  A bullfrog skeleton (D:6)
  2 gnoll shamans
  An iguana (D:3)
  5 worker ants
  7 gnolls
  7 adders
  2 river rats (D:3)
  An ooze (D:2)
  An adder skeleton (D:4)
  2 worms
  2 leopard geckos
  17 orcs
  11 bats
  3 giant cockroaches
  5 goblins
  11 hobgoblins
  11 jackals
  4 quokkas
  3 ball pythons
  3 frilled lizards
  A giant cockroach zombie (D:5)
  29 kobolds
  A quokka zombie (D:4)
  8 rats
156 creatures vanquished.

Notes
Turn   | Place    | Note
-------+----------+-------------------------------------------
     0 | D:1      | Amnesiac the Spriggan Conjurer began the quest for the Orb.
     0 | D:1      | Reached XP level 1. HP: 9/9 MP: 5/5
   202 | D:4      | Found an opulent altar of Gozag.
   202 | D:4      | Found a hide-covered altar of Uskayaw.
   242 | D:4      | Noticed Dowan
   244 | D:4      | Noticed Duvessa
   344 | D:3      | Reached XP level 2. HP: 13/13 MP: 0/7
   365 | D:2      | Learned a level 2 spell: Searing Ray
   542 | D:3      | Reached XP level 3. HP: 15/16 MP: 1/8
   557 | D:3      | Found a shadowy altar of Dithmenos.
   630 | D:4      | Became a worshipper of Gozag Ym Sagoz the Greedy
   858 | D:3      | Found a glowing drain.
   920 | D:3      | Found an ornate altar of the Wu Jian Council.
   975 | D:3      | Reached XP level 4. HP: 4/21 MP: 0/10
  1571 | D:2      | Learned a level 4 spell: Iskenderun's Mystic Blast
  1757 | D:1      | Reached XP level 5. HP: 24/24 MP: 9/12
  3005 | D:4      | Reached skill level 1 in Shields
  3027 | D:4      | Reached XP level 6. HP: 13/28 MP: 0/14
  3349 | D:4      | Noticed a hungry ghost
  3369 | D:3      | Killed a hungry ghost
  3369 | D:3      | Reached skill level 5 in Spellcasting
  3369 | D:3      | Reached skill level 5 in Conjurations
  3475 | D:4      | Reached XP level 7. HP: 31/32 MP: 7/16
  3558 | D:4      | Found a staircase to the Ecumenical Temple.
  4043 | D:4      | Killed Dowan
  4445 | D:5      | Entered Level 5 of the Dungeon
  4470 | Temple   | Entered the Ecumenical Temple
  5856 | D:3      | Killed Duvessa
  6164 | D:5      | Reached XP level 8. HP: 36/36 MP: 6/18
  6692 | D:5      | Noticed Prince Ribbit
  6819 | D:5      | Killed Prince Ribbit
  6932 | D:5      | Found a sacrificial altar of Ru.
  7260 | D:5      | Found a glowing silver altar of Zin.
  7261 | D:5      | Noticed an angel
  7321 | D:5      | Found a bloodstained altar of Trog.
  7771 | D:6      | Noticed Edmund
  7806 | D:6      | Killed Edmund
  8027 | D:6      | Shot with an arrow by a centaur

Vault maps used:
D:1:      lemuel_arrival_cross
D:3:      old_standard_altar, grunt_dithmenos_smoke, first_ration,
          portal_sewer_entry_e
D:4:      cheibrodos_barr_body, gammafunk_temple_overflow_statue,
          minmay_temple_entry_overgrown, minmay_misc_feat_square,
          kennysheep_generic_room_2, uniq_duvessa
D:5:      kennysheep_kobold_camp, zin_angel, bloody_trog, kennysheep_crisscross,
          nicolae_ru_sacrificial_ziggurat, uniq_prince_ribbit1
D:6:      basic_altar, uniq_edmund
Temple:   minmay_temple_bridge_abc

Skill      XL: |  1  2  3  4  5  6  7  8 |
---------------+-------------------------+-----
Conjurations   | 3 4 5 6 7 |  7.2
Spellcasting   | 3 4 5 6 7 |  7.6
Shields        | 1 2 3 |  3.8
Dodging        | |  3.0
Stealth        | |  3.0

Action                   |  1- 3 |  4- 6 |  7- 9 || total
-------------------------+-------+-------+-------++-------
Melee: Short sword       |    45 |     9 |       ||    54
       Dagger            |       |    30 |    97 ||   127
 Cast: Magic Dart        |    28 |   140 |    75 ||   243
       Searing Ray       |     7 |     2 |    22 ||    31
       Iskenderun's Myst |       |     2 |    40 ||    42
Invok: Potion Petition   |       |       |     1 ||     1
  Use: Scroll            |     2 |     1 |       ||     3
       Potion            |     2 |       |     1 ||     3
 Stab: Invisible         |     3 |     1 |       ||     4
       Sleeping          |       |       |     2 ||     2
       Distracted        |       |       |     1 ||     1
  Eat: Ration            |       |     2 |     4 ||     6
Armor: Robe              |     4 |     9 |     6 ||    19
Dodge: Dodged            |    67 |    60 |    86 ||   213
Block: Buckler           |       |       |    76 ||    76
       Reflection        |       |       |     5 ||     5

Table legend:
 A = Spawn XP
 B = Non-spawn XP
 C = Spawn XP percentage of total XP
 D = Spawn monster count
 E = Non-spawn monster count
 F = Spawn count percentage of total count
 G = Total turns spent on level
                    A         B        C        D         E        F      G
               +---------+---------+-------+---------+---------+-------+---------
         Total |       0 |    2733 |   0.0 |       0 |     156 |   0.0 |  8027
               +---------+---------+-------+---------+---------+-------+---------
           D:1 |       0 |      31 |   0.0 |       0 |      19 |   0.0 |   600
           D:2 |       0 |      47 |   0.0 |       0 |      17 |   0.0 |   807
           D:3 |       0 |     535 |   0.0 |       0 |      44 |   0.0 |  2051
           D:4 |       0 |     535 |   0.0 |       0 |      23 |   0.0 |  2168
           D:5 |       0 |     992 |   0.0 |       0 |      40 |   0.0 |  1567
           D:6 |       0 |     593 |   0.0 |       0 |      13 |   0.0 |   485
               +---------+---------+-------+---------+---------+-------+---------
